Devils vs Maple Leafs (R1)

Created - November 13, 2019 at 19:56

Goals
1 2 3 OT1 SO T
Devils 0 2 0 0 1 3
Maple Leafs 1 0 1 0 0 2
Shots
1 2 3 OT1 SO T
Devils 10 10 14 0 3 34
Maple Leafs 7 14 8 0 3 29

1st period

1. Maple Leafs , Brayden Schenn 4 (Kevin Shattenkirk 4) at 12:12 (PP)

Penalties :
Braydon Coburn (Tor) for Slashing (Minor) at 5:54, Ryan Johansen (NJD) for Hooking (Minor) at 10:44, Tobias Enstrom (NJD) for Hooking (Minor) at 15:00

2nd period

2. Devils , Nikita Kucherov 3 (Ryan Johansen 4, Travis Hamonic 6) at 10:34
3. Devils , Pernell Karl Subban 2 (Jaden Schwartz 8) at 11:35

Penalties :
Kevin Shattenkirk (Tor) for Cross-checking (Minor) at 1:07, Jaden Schwartz (NJD) for Holding (Minor) at 1:47, Brayden Schenn (Tor) for Roughing (Minor) at 14:14

3rd period

4. Maple Leafs , Jordan Staal 4 (Fabian Brunnstrom 3, John Klingberg 2) at 13:15

Penalties :
Nikita Kucherov (NJD) for Tripping (Minor) at 5:39, Braydon Coburn (Tor) for Tripping (Minor) at 14:45, Marian Hossa (NJD) for Hooking (Minor) at 18:12

Overtime #1

No Goal

Penalties :
No Penalty

Shootout

Devils, Johnny Gaudreau - Stopped by Marc-André Fleury
Maple Leafs, Patrick Kane - Stopped by John Gibson
Devils, Nikita Kucherov - Stopped by Marc-André Fleury
Maple Leafs, Mark Scheifele - Stopped by John Gibson
Devils, Viktor Arvidsson - Goal!
Maple Leafs, Taylor Hall - Shot Misses the Net

Penalties :
No Penalty

Goalie Stats

John Gibson (NJD), 27 saves from 29 shots - (0.931), W, 5-1-1, 65:00 minutes
Marc-André Fleury (Tor), 32 saves from 34 shots - (0.941), OTL, 5-4-1, 65:00 minutes

Players Stats for Devils

Player Name              G  A  P  +/- PIM S  H  SB GA TA FO     MP     PP MP  PK MP  
------------------------------------------------------------------------------------
Anthony Stewart          0  0  0   0  0   0  0  0  0  0  1/1     9:55   0:00   1:51 
Brandon Burlon           0  0  0   0  0   0  0  0  0  0  0/0    11:13   0:00   0:52 
Cody Hodgson             0  0  0   0  0   0  0  0  0  0  2/8    11:47   0:00   0:00 
Jaden Schwartz           0  1  1   0  2   7  6  0  1  1  0/3    24:05   3:44   2:01 
Johnny Gaudreau          0  0  0   1  0   1  4  0  1  0  0/0    18:47   2:52   1:05 
Kellan Lain              0  0  0   0  0   0  1  1  1  0  0/0    11:01   0:00   0:40 
Ladislav Smid            0  0  0   1  0   2  1  1  0  2  0/0    20:14   0:00   4:45 
Marian Hossa             0  0  0   0  2   0  2  1  0  0  0/0     8:55   0:00   0:00 
Nikita Kucherov          1  0  1   1  2   2  0  0  1  0  0/0    17:30   3:45   0:00 
Pernell Karl Subban      1  0  1   0  0   4  0  1  0  0  0/0    22:46   1:47   4:11 
Rostislav Olesz          0  0  0   0  0   2  0  0  0  0  0/0    11:00   0:04   4:12 
Ryan Johansen            0  1  1   1  2   7  2  0  0  1  11/22  20:00   2:52   3:14 
Shea Weber               0  0  0   1  0   0  1  4  1  0  0/0    25:54   4:50   0:20 
Tobias Enstrom           0  0  0  -1  2   0  0  0  0  1  0/0    22:01   1:47   2:42 
Travis Hamonic           0  1  1   1  0   2  1  0  1  3  0/0    27:57   4:50   3:20 
Tyler Bozak              0  0  0   0  0   2  2  0  0  0  1/2     8:33   0:00   1:49 
Tyler Seguin             0  0  0   0  0   2  3  0  0  1  12/27  21:45   3:45   1:06 
Viktor Arvidsson         0  0  0   0  0   3  0  0  1  0  2/3    17:08   2:48   0:00 

Players Stats for Maple Leafs

Player Name              G  A  P  +/- PIM S  H  SB GA TA FO     MP     PP MP  PK MP  
------------------------------------------------------------------------------------
Alex Killorn             0  0  0  -1  0   2  1  0  0  0  1/2     8:43   0:00   0:00 
Beau Bennett             0  0  0  -1  0   0  1  0  0  0  0/0     6:28   0:00   0:00 
Ben Smith                0  0  0  -1  0   2  3  0  0  0  1/2    16:32   3:12   2:32 
Blake Comeau             0  0  0   1  0   3  3  0  0  0  0/0    12:24   0:18   0:00 
Brayden Schenn           1  0  1   0  2   2  5  0  3  0  15/26  23:29   3:08   2:37 
Braydon Coburn           0  0  0   0  4   0  0  2  0  0  0/0    21:20   0:00   1:56 
Eric Nystrom             0  0  0  -1  0   1  1  0  0  0  1/1    15:57   3:58   3:54 
Fabian Brunnstrom        0  1  1   1  0   1  5  1  0  0  0/1    17:44   3:50   1:21 
John Klingberg           0  1  1   0  0   1  3  2  0  2  0/0    26:33   4:39   0:23 
Jordan Staal             1  0  1   1  0   3  0  1  0  1  11/22  21:28   3:50   1:22 
Kevin Shattenkirk        0  1  1   0  2   2  1  2  3  0  0/0    27:49   5:19   2:27 
Marc-Édouard Vlasic      0  0  0  -1  0   2  1  1  0  0  0/0    18:43   3:14   1:20 
Mark Scheifele           0  0  0  -1  0   4  1  0  1  0  5/7    13:57   0:55   1:23 
Nate Thompson            0  0  0  -1  0   1  0  0  0  0  1/2     6:28   0:00   0:00 
Patrick Kane             0  0  0   0  0   1  4  2  1  0  0/1    21:09   3:43   0:00 
Ryan Parent              0  0  0  -1  0   3  1  0  0  1  0/0    17:16   3:14   2:41 
Taylor Chorney           0  0  0   0  0   0  0  1  0  2  0/0    20:00   0:00   4:27 
Taylor Hall              0  0  0   0  0   1  1  0  1  1  2/2    16:00   0:05   0:05 

3 Stars

1 - Fabian Brunnstrom (Tor)
2 - Marc-André Fleury (Tor)
3 - Jordan Staal (Tor)

Power Play

Devils - 0 on 4 Attempt(s) - 0.00%
Maple Leafs - 1 on 5 Attempt(s) - 20.00%

Penalty Kill

Devils - 4 on 5 Attempt(s) - 80.00% - Score 0 goal in Penalty Kill
Maple Leafs - 4 on 4 Attempt(s) - 100.00% - Score 0 goal in Penalty Kill

Team Stat

Devils - Hits : 23 - Faceoff Wins : 29 - Blocked Shots : 8 - Penalty Minutes : 10
Maple Leafs - Hits : 31 - Faceoff Wins : 37 - Blocked Shots : 12 - Penalty Minutes : 8

Official

Referees : Unknown
Linesman : Unknown

Game Notes

No Game Note

Finance

Level 1 -- Attendance: 4566 (76.10%) -- Ticket Income $502,260
Level 2 -- Attendance: 3653 (73.06%) -- Ticket Income $255,710
Level 3 -- Attendance: 1701 (85.05%) -- Ticket Income $78,246
Level 4 -- Attendance: 4000 (100.00%) -- Ticket Income $120,000
Luxury Box -- Attendance: 1000 (100.00%) -- Ticket Income $180,000
Game was played at the Maple Leafs Garden.
Total Attendance: 14920 (82.89%)
Total Ticket Income: $1,136,216
Other Income: $170,432
Total Income: $1,306,648

Devils

5 vs 5 Forward 
   Center                   Left Wing                Right Wing               Time % Phy DF OF 
 1 Tyler Seguin             Jaden Schwartz           Viktor Arvidsson         40     0   2  3  
 2 Ryan Johansen            Johnny Gaudreau          Nikita Kucherov          30     0   2  3  
 3 Cody Hodgson             Kellan Lain              Marian Hossa             20     1   2  2  
 4 Tyler Bozak              Rostislav Olesz          Anthony Stewart          10     1   2  2  

5 vs 5 Defense 
   Defense                  Defense                                           Time % Phy DF OF 
 1 Travis Hamonic           Shea Weber                                        40     1   2  2  
 2 Tobias Enstrom           Pernell Karl Subban                               30     1   2  2  
 3 Ladislav Smid            Brandon Burlon                                    20     1   2  2  
 4 Ladislav Smid            Pernell Karl Subban                               10     1   2  2  

PowerPlay Forward 
   Center                   Left Wing                Right Wing               Time % Phy DF OF 
 1 Ryan Johansen            Johnny Gaudreau          Viktor Arvidsson         60     0   2  3  
 2 Tyler Seguin             Jaden Schwartz           Nikita Kucherov          40     0   2  3  

PowerPlay Defense
   Defense                  Defense                                           Time % Phy DF OF 
 1 Travis Hamonic           Shea Weber                                        60     1   2  2  
 2 Tobias Enstrom           Pernell Karl Subban                               40     1   2  2  

Penalty Kill 4 Players Forward 
   Center                   Wing                     Time % Phy DF OF 
 1 Ryan Johansen            Rostislav Olesz          60     1   2  2  
 2 Tyler Bozak              Jaden Schwartz           40     1   2  2  

Penalty Kill 4 Players Defense
   Defense                  Defense                  Time % Phy DF OF 
 1 Ladislav Smid            Pernell Karl Subban      60     1   2  2  
 2 Tobias Enstrom           Travis Hamonic           40     1   2  2  

Penalty Kill - 3 Players Forward 
   Forward                                           Time % Phy DF OF 
 1 Jaden Schwartz                                    60     1   2  2  
 2 Rostislav Olesz                                   40     1   2  2  

Penalty Kill - 3 Players Defense
   Defense                  Defense                  Time % Phy DF OF 
 1 Travis Hamonic           Shea Weber               60     1   2  2  
 2 Tobias Enstrom           Pernell Karl Subban      40     1   2  2  

4 vs 4 Forward 
   Center                   Wing                     Time % Phy DF OF 
 1 Cody Hodgson             Johnny Gaudreau          60     1   2  2  
 2 Ryan Johansen            Jaden Schwartz           40     1   2  2  

4 vs 4 Defense
   Defense                  Defense                  Time % Phy DF OF 
 1 Tobias Enstrom           Ladislav Smid            60     1   2  2  
 2 Travis Hamonic           Shea Weber               40     1   2  2  

Last Minutes Offensive
   Center                   Left Wing                Right Wing               Defense                  Defense                  
   Tyler Seguin             Johnny Gaudreau          Viktor Arvidsson         Travis Hamonic           Shea Weber               

Last Minutes Defensive
   Center                   Left Wing                Right Wing               Defense                  Defense                  
   Ryan Johansen            Jaden Schwartz           Marian Hossa             Travis Hamonic           Shea Weber               

Goaltenders
Starting : John Gibson              
Backup : Keith Kinkaid            

Extra Forwards
Normal : Cody Hodgson, Johnny Gaudreau, Anthony Stewart - PP : Rostislav Olesz, Cody Hodgson - PK : Anthony Stewart
Extra Defensemen
Normal : Ladislav Smid, Brandon Burlon, Tobias Enstrom - PP : Ladislav Smid - PK : Brandon Burlon, Tobias Enstrom
Penalty Shots
Johnny Gaudreau, Nikita Kucherov, Viktor Arvidsson, Ryan Johansen, Tyler Seguin

Scratches
None

Maple Leafs

5 vs 5 Forward 
   Center                   Left Wing                Right Wing               Time % Phy DF OF 
 1 Brayden Schenn           Taylor Hall              Patrick Kane             40     1   1  3  
 2 Jordan Staal             Fabian Brunnstrom        Blake Comeau             30     1   2  2  
 3 Mark Scheifele           Alex Killorn             Ben Smith                20     1   2  2  
 4 Nate Thompson            Eric Nystrom             Beau Bennett             10     1   3  1  

5 vs 5 Defense 
   Defense                  Defense                                           Time % Phy DF OF 
 1 Kevin Shattenkirk        John Klingberg                                    40     1   1  3  
 2 Braydon Coburn           Taylor Chorney                                    30     1   3  1  
 3 Marc-Édouard Vlasic      Ryan Parent                                       20     1   2  2  
 4 Kevin Shattenkirk        John Klingberg                                    10     1   1  3  

PowerPlay Forward 
   Center                   Left Wing                Right Wing               Time % Phy DF OF 
 1 Jordan Staal             Fabian Brunnstrom        Patrick Kane             60     0   1  4  
 2 Brayden Schenn           Eric Nystrom             Ben Smith                40     0   1  4  

PowerPlay Defense
   Defense                  Defense                                           Time % Phy DF OF 
 1 Kevin Shattenkirk        John Klingberg                                    60     0   1  4  
 2 Marc-Édouard Vlasic      Ryan Parent                                       40     0   1  4  

Penalty Kill 4 Players Forward 
   Center                   Wing                     Time % Phy DF OF 
 1 Brayden Schenn           Eric Nystrom             60     1   3  1  
 2 Jordan Staal             Ben Smith                40     1   3  1  

Penalty Kill 4 Players Defense
   Defense                  Defense                  Time % Phy DF OF 
 1 Braydon Coburn           Taylor Chorney           60     1   3  1  
 2 Ryan Parent              Kevin Shattenkirk        40     1   3  1  

Penalty Kill - 3 Players Forward 
   Forward                                           Time % Phy DF OF 
 1 Brayden Schenn                                    60     1   4  0  
 2 Jordan Staal                                      40     1   4  0  

Penalty Kill - 3 Players Defense
   Defense                  Defense                  Time % Phy DF OF 
 1 Braydon Coburn           Taylor Chorney           60     1   4  0  
 2 Ryan Parent              Kevin Shattenkirk        40     1   4  0  

4 vs 4 Forward 
   Center                   Wing                     Time % Phy DF OF 
 1 Jordan Staal             Patrick Kane             60     1   2  2  
 2 Brayden Schenn           Ben Smith                40     1   2  2  

4 vs 4 Defense
   Defense                  Defense                  Time % Phy DF OF 
 1 Kevin Shattenkirk        Braydon Coburn           60     1   2  2  
 2 John Klingberg           Marc-Édouard Vlasic      40     1   2  2  

Last Minutes Offensive
   Center                   Left Wing                Right Wing               Defense                  Defense                  
   Jordan Staal             Taylor Hall              Patrick Kane             Kevin Shattenkirk        John Klingberg           

Last Minutes Defensive
   Center                   Left Wing                Right Wing               Defense                  Defense                  
   Jordan Staal             Eric Nystrom             Patrick Kane             Braydon Coburn           Taylor Chorney           

Goaltenders
Starting : Marc-André Fleury        
Backup : Tyler Weiman             

Extra Forwards
Normal : Jordan Staal, Mark Scheifele, Patrick Kane - PP : Brayden Schenn, Ben Smith - PK : Ben Smith
Extra Defensemen
Normal : John Klingberg, Marc-Édouard Vlasic, Kevin Shattenkirk - PP : Marc-Édouard Vlasic - PK : Ryan Parent, Kevin Shattenkirk
Penalty Shots
Patrick Kane, Mark Scheifele, Taylor Hall, Jordan Staal, Fabian Brunnstrom

Scratches
None


% Time on Ice - Devils

Lines # - Real PCT - Wanted PCT - Time Play
Normal Forward
1 - 34% - 40% - 14:55
2 - 32% - 30% - 14:02
3 - 19% - 20% - 8:36
4 - 15% - 10% - 6:38
Normal Defense
1 - 43% - 40% - 19:09
2 - 31% - 30% - 13:47
3 - 20% - 20% - 8:48
4 - 6% - 10% - 2:27
PP Forward
1 - 43% - 60% - 2:52
2 - 57% - 40% - 3:45
PP Defense
1 - 73% - 60% - 4:50
2 - 27% - 40% - 1:47
PK Forward
1 - 77% - 60% - 6:04
2 - 23% - 40% - 1:49
PK Defense
1 - 59% - 60% - 4:37
2 - 41% - 40% - 3:16
PK3 Forward
1 - 100% - 60% - 0:12
2 - 0% - 40% - 0:00
PK3 Defense
1 - 100% - 60% - 0:12
2 - 0% - 40% - 0:00
44 Forward
1 - 71% - 60% - 4:19
2 - 29% - 40% - 1:48
44 Defense
1 - 69% - 60% - 4:13
2 - 31% - 40% - 1:54
Last Minute Offensive  - 0:00
Last Minute Defensive  - 0:00
Total
Forward - 65:00
Defense - 65:00

% Time on Ice - Maple Leafs

Lines # - Real PCT - Wanted PCT - Time Play
Normal Forward
1 - 37% - 40% - 16:34
2 - 28% - 30% - 12:26
3 - 20% - 20% - 8:43
4 - 15% - 10% - 6:28
Normal Defense
1 - 40% - 40% - 17:38
2 - 33% - 30% - 14:26
3 - 21% - 20% - 9:26
4 - 6% - 10% - 2:41
PP Forward
1 - 59% - 60% - 4:41
2 - 41% - 40% - 3:12
PP Defense
1 - 67% - 60% - 5:19
2 - 33% - 40% - 2:34
PK Forward
1 - 81% - 60% - 5:20
2 - 19% - 40% - 1:17
PK Defense
1 - 87% - 60% - 5:47
2 - 13% - 40% - 0:50
PK3 Forward
1 - 0% - 60%
2 - 0% - 40%
PK3 Defense
1 - 0% - 60%
2 - 0% - 40%
44 Forward
1 - 74% - 60% - 4:39
2 - 26% - 40% - 1:40
44 Defense
1 - 66% - 60% - 4:09
2 - 34% - 40% - 2:10
Last Minute Offensive  - 0:00
Last Minute Defensive  - 0:00
Total
Forward - 65:00
Defense - 65:00

Play-by-Play

1st period


0:01 of 1st period - Brayden Schenn wins face-off versus Tyler Seguin in neutral zone.
0:26 of 1st period - Shea Weber is hit by Blake Comeau and loses puck.
0:53 of 1st period - Shea Weber is hit by Ben Smith and loses puck.
1:16 of 1st period - Snap shot by Tyler Bozak.
1:16 of 1st period - Shot Misses the Net.
1:18 of 1st period - Snap shot by Tyler Bozak.
1:18 of 1st period - Stopped by Marc-André Fleury without a rebound.
1:19 of 1st period - Taylor Hall wins face-off versus Tyler Seguin in Maple Leafs zone.
1:19 of 1st period - Taylor Hall is hit by Jaden Schwartz.
2:32 of 1st period - Snap shot by Tobias Enstrom.
2:32 of 1st period - Shot Misses the Net.
3:52 of 1st period - Slapshot by Tyler Seguin.
3:52 of 1st period - Stopped by Marc-André Fleury with a rebound.
3:54 of 1st period - Snap shot by Pernell Karl Subban.
3:54 of 1st period - Deflect By Marc-Édouard Vlasic.
3:54 of 1st period - Stopped by Marc-André Fleury with a rebound.
3:58 of 1st period - Wrist shot by Jaden Schwartz.
3:58 of 1st period - Shot Blocked by Patrick Kane.
4:08 of 1st period - Ryan Parent is hit by Tyler Bozak and loses puck.
4:23 of 1st period - Anthony Stewart is hit by Ryan Parent and loses puck.
4:47 of 1st period - Icing by Taylor Chorney.
4:48 of 1st period - Tyler Seguin wins face-off versus Jordan Staal in Maple Leafs zone.
4:55 of 1st period - Wrist shot by Tyler Seguin.
4:55 of 1st period - Shot Blocked by Taylor Chorney.
4:57 of 1st period - Slapshot by Jaden Schwartz.
4:57 of 1st period - Stopped by Marc-André Fleury without a rebound.
4:58 of 1st period - Taylor Hall wins face-off versus Tyler Seguin in Maple Leafs zone.
4:58 of 1st period - Taylor Hall is hit by Jaden Schwartz.
5:23 of 1st period - Snap shot by Tyler Seguin.
5:23 of 1st period - Stopped by Marc-André Fleury with a rebound.
5:37 of 1st period - Wrist shot by Tyler Seguin.
5:37 of 1st period - Shot Misses the Net.
5:39 of 1st period - Wrist shot by Jaden Schwartz.
5:39 of 1st period - Stopped by Marc-André Fleury without a rebound.
5:40 of 1st period - Jordan Staal wins face-off versus Ryan Johansen in Maple Leafs zone.
5:54 of 1st period - Minor Penalty to Braydon Coburn for Slashing.
5:55 of 1st period - Brayden Schenn wins face-off versus Ryan Johansen in Maple Leafs zone.
7:54 of 1st period - Penalty to Braydon Coburn is over, Braydon Coburn is back on ice.
8:02 of 1st period - Cody Hodgson is hit by Patrick Kane and loses puck.
8:30 of 1st period - Kevin Shattenkirk is hit by Marian Hossa and loses puck.
9:34 of 1st period - Icing by Shea Weber.
9:35 of 1st period - Nate Thompson wins face-off versus Tyler Bozak in Devils zone.
10:03 of 1st period - Eric Nystrom is hit by Shea Weber.
10:09 of 1st period - Snap shot by Eric Nystrom.
10:09 of 1st period - Shot Blocked by Shea Weber.
10:21 of 1st period - Slapshot by Rostislav Olesz.
10:21 of 1st period - Shot Misses the Net.
10:23 of 1st period - Slapshot by Travis Hamonic.
10:23 of 1st period - Stopped by Marc-André Fleury without a rebound.
10:24 of 1st period - Tyler Seguin wins face-off versus Brayden Schenn in Maple Leafs zone.
10:44 of 1st period - Minor Penalty to Ryan Johansen for Hooking.
10:45 of 1st period - Anthony Stewart wins face-off versus Jordan Staal in Devils zone.
11:23 of 1st period - Snap shot by Fabian Brunnstrom.
11:23 of 1st period - Shot Misses the Net.
11:25 of 1st period - Slapshot by Kevin Shattenkirk.
11:25 of 1st period - Stopped by John Gibson without a rebound.
11:26 of 1st period - Tyler Seguin wins face-off versus Brayden Schenn in Devils zone.
11:26 of 1st period - Tyler Seguin is hit by Marc-Édouard Vlasic.
11:50 of 1st period - Anthony Stewart is hit by Ben Smith and loses puck.
12:07 of 1st period - Tobias Enstrom is hit by Brayden Schenn and loses puck.
12:12 of 1st period - Snap shot by Brayden Schenn.
12:12 of 1st period - Deflect By Jaden Schwartz.
12:12 of 1st period - Goal by Brayden Schenn - Devils : 0 - Maple Leafs : 1.
12:13 of 1st period - Jordan Staal wins face-off versus Tyler Seguin in neutral zone.
12:28 of 1st period - Jaden Schwartz is hit by Fabian Brunnstrom and loses puck.
13:11 of 1st period - Braydon Coburn is hit by Johnny Gaudreau and loses puck.
13:46 of 1st period - Snap shot by Ryan Johansen.
13:46 of 1st period - Stopped by Marc-André Fleury without a rebound.
13:47 of 1st period - Brayden Schenn wins face-off versus Tyler Seguin in Maple Leafs zone.
14:26 of 1st period - Icing by Ryan Parent.
14:27 of 1st period - Mark Scheifele wins face-off versus Tyler Seguin in Maple Leafs zone.
14:32 of 1st period - Wrist shot by Mark Scheifele.
14:32 of 1st period - Shot Misses the Net.
14:36 of 1st period - Wrist shot by Ben Smith.
14:36 of 1st period - Stopped by John Gibson with a rebound.
14:38 of 1st period - Wrist shot by Mark Scheifele.
14:38 of 1st period - Shot Blocked by Ladislav Smid.
14:40 of 1st period - Snap shot by Ben Smith.
14:40 of 1st period - Stopped by John Gibson without a rebound.
14:41 of 1st period - Brayden Schenn wins face-off versus Jaden Schwartz in Devils zone.
14:41 of 1st period - Brayden Schenn is hit by Tyler Seguin.
15:00 of 1st period - Minor Penalty to Tobias Enstrom for Hooking.
15:01 of 1st period - Ryan Johansen wins face-off versus Jordan Staal in Devils zone.
15:13 of 1st period - Slapshot by Pernell Karl Subban.
15:13 of 1st period - Stopped by Marc-André Fleury with a rebound.
15:36 of 1st period - Snap shot by Marc-Édouard Vlasic.
15:36 of 1st period - Stopped by John Gibson with a rebound.
17:00 of 1st period - Penalty to Tobias Enstrom is over, Tobias Enstrom is back on ice.
17:11 of 1st period - Marian Hossa is hit by Beau Bennett and loses puck.
17:30 of 1st period - Taylor Chorney is hit by Jaden Schwartz and loses puck.
17:37 of 1st period - Slapshot by Jaden Schwartz.
17:37 of 1st period - Stopped by Marc-André Fleury without a rebound.
17:38 of 1st period - Brayden Schenn wins face-off versus Viktor Arvidsson in Maple Leafs zone.
17:38 of 1st period - Brayden Schenn is hit by Ladislav Smid.
18:04 of 1st period - Ladislav Smid is hit by Blake Comeau.
18:28 of 1st period - Snap shot by Nate Thompson.
18:28 of 1st period - Stopped by John Gibson with a rebound.
18:30 of 1st period - Slapshot by Eric Nystrom.
18:30 of 1st period - Stopped by John Gibson with a rebound.
19:24 of 1st period - Off-side.
19:25 of 1st period - Viktor Arvidsson wins face-off versus Fabian Brunnstrom in neutral zone.
19:51 of 1st period - Travis Hamonic is hit by Ben Smith and loses puck.
Goals for this period are 0 for Devils vs 1 for Maple Leafs.
Shots for this period are 10 for Devils vs 7 for Maple Leafs.

2nd period


0:01 of 2nd period - Brayden Schenn wins face-off versus Tyler Seguin in neutral zone.
0:03 of 2nd period - Kevin Shattenkirk is hit by Jaden Schwartz and loses puck.
0:26 of 2nd period - Shea Weber is hit by Blake Comeau.
0:48 of 2nd period - Slapshot by Kevin Shattenkirk.
0:48 of 2nd period - Deflect By Alex Killorn.
0:48 of 2nd period - Shot Misses the Net.
0:48 of 2nd period - Puck is out of play.
0:49 of 2nd period - Mark Scheifele wins face-off versus Cody Hodgson in Devils zone.
0:55 of 2nd period - Snap shot by Mark Scheifele.
0:55 of 2nd period - Shot Misses the Net.
0:57 of 2nd period - Slapshot by Alex Killorn.
0:57 of 2nd period - Stopped by John Gibson without a rebound.
0:58 of 2nd period - Tyler Seguin wins face-off versus Brayden Schenn in Devils zone.
0:58 of 2nd period - Tyler Seguin is hit by Brayden Schenn.
1:03 of 2nd period - Off-side.
1:04 of 2nd period - Tyler Seguin wins face-off versus Brayden Schenn in neutral zone.
1:06 of 2nd period - Off-side.
1:07 of 2nd period - Brayden Schenn wins face-off versus Tyler Seguin in neutral zone.
1:07 of 2nd period - Minor Penalty to Kevin Shattenkirk for Cross-checking.
1:08 of 2nd period - Eric Nystrom wins face-off versus Ryan Johansen in Maple Leafs zone.
1:47 of 2nd period - Minor Penalty to Jaden Schwartz for Holding.
1:48 of 2nd period - Cody Hodgson wins face-off versus Jordan Staal in Devils zone.
2:58 of 2nd period - Slapshot by Mark Scheifele.
2:58 of 2nd period - Stopped by John Gibson without a rebound.
2:59 of 2nd period - Mark Scheifele wins face-off versus Tyler Seguin in Devils zone.
3:07 of 2nd period - Penalty to Kevin Shattenkirk is over, Kevin Shattenkirk is back on ice.
3:47 of 2nd period - Penalty to Jaden Schwartz is over, Jaden Schwartz is back on ice.
3:52 of 2nd period - Slapshot by Jaden Schwartz.
3:52 of 2nd period - Stopped by Marc-André Fleury with a rebound.
4:15 of 2nd period - Icing by Eric Nystrom.
4:16 of 2nd period - Ryan Johansen wins face-off versus Mark Scheifele in Maple Leafs zone.
4:27 of 2nd period - Slapshot by Ryan Johansen.
4:27 of 2nd period - Stopped by Marc-André Fleury without a rebound.
4:28 of 2nd period - Brayden Schenn wins face-off versus Ryan Johansen in Maple Leafs zone.
4:33 of 2nd period - Ryan Johansen is hit by Patrick Kane and loses puck.
4:42 of 2nd period - Slapshot by Patrick Kane.
4:42 of 2nd period - Stopped by John Gibson without a rebound.
4:43 of 2nd period - Jordan Staal wins face-off versus Ryan Johansen in Devils zone.
4:44 of 2nd period - Wrist shot by Fabian Brunnstrom.
4:44 of 2nd period - Shot Misses the Net.
4:46 of 2nd period - Snap shot by Fabian Brunnstrom.
4:46 of 2nd period - Shot Misses the Net.
4:48 of 2nd period - Wrist shot by Blake Comeau.
4:48 of 2nd period - Shot Blocked by Shea Weber.
4:50 of 2nd period - Slapshot by Blake Comeau.
4:50 of 2nd period - Stopped by John Gibson with a rebound.
4:52 of 2nd period - Wrist shot by Fabian Brunnstrom.
4:52 of 2nd period - Shot Misses the Net.
4:54 of 2nd period - Wrist shot by Fabian Brunnstrom.
4:54 of 2nd period - Deflect By Blake Comeau.
4:54 of 2nd period - Stopped by John Gibson with a rebound.
4:56 of 2nd period - Backhand shot by Jordan Staal.
4:56 of 2nd period - Stopped by John Gibson with a rebound.
4:58 of 2nd period - Slapshot by Taylor Chorney.
4:58 of 2nd period - Shot Blocked by Shea Weber.
5:00 of 2nd period - Snap shot by Fabian Brunnstrom.
5:00 of 2nd period - Stopped by John Gibson with a rebound.
5:10 of 2nd period - Rostislav Olesz is hit by Patrick Kane and loses puck.
5:34 of 2nd period - Wrist shot by Ben Smith.
5:34 of 2nd period - Shot Misses the Net.
5:44 of 2nd period - Icing by Mark Scheifele.
5:45 of 2nd period - Mark Scheifele wins face-off versus Cody Hodgson in Maple Leafs zone.
6:10 of 2nd period - Patrick Kane is hit by Travis Hamonic and loses puck.
6:42 of 2nd period - Off-side.
6:43 of 2nd period - Tyler Seguin wins face-off versus Jordan Staal in neutral zone.
7:32 of 2nd period - Brandon Burlon is hit by Alex Killorn and loses puck.
7:37 of 2nd period - Slapshot by Kevin Shattenkirk.
7:37 of 2nd period - Stopped by John Gibson without a rebound.
7:38 of 2nd period - Brayden Schenn wins face-off versus Cody Hodgson in Devils zone.
7:41 of 2nd period - Snap shot by Patrick Kane.
7:41 of 2nd period - Deflect By Brayden Schenn.
7:41 of 2nd period - Shot Misses the Net.
7:41 of 2nd period - Puck is out of play.
7:42 of 2nd period - Brayden Schenn wins face-off versus Tyler Seguin in Devils zone.
7:47 of 2nd period - Snap shot by Patrick Kane.
7:47 of 2nd period - Shot Misses the Net.
7:49 of 2nd period - Slapshot by Taylor Hall.
7:49 of 2nd period - Stopped by John Gibson with a rebound.
7:51 of 2nd period - Wrist shot by Ryan Parent.
7:51 of 2nd period - Deflect By Travis Hamonic.
7:51 of 2nd period - Stopped by John Gibson with a rebound.
7:53 of 2nd period - Slapshot by Ryan Parent.
7:53 of 2nd period - Stopped by John Gibson without a rebound.
7:54 of 2nd period - Tyler Seguin wins face-off versus Brayden Schenn in Devils zone.
8:07 of 2nd period - Backhand shot by Viktor Arvidsson.
8:07 of 2nd period - Stopped by Marc-André Fleury without a rebound.
8:08 of 2nd period - Jordan Staal wins face-off versus Tyler Seguin in Maple Leafs zone.
10:01 of 2nd period - Brandon Burlon is hit by Brayden Schenn and loses puck.
10:07 of 2nd period - Jaden Schwartz is hit by Taylor Hall.
10:27 of 2nd period - Alex Killorn is hit by Ryan Johansen and loses puck.
10:32 of 2nd period - Wrist shot by Ryan Johansen.
10:32 of 2nd period - Shot Blocked by John Klingberg.
10:34 of 2nd period - Slapshot by Nikita Kucherov.
10:34 of 2nd period - Goal by Nikita Kucherov - Devils : 1 - Maple Leafs : 1.
10:35 of 2nd period - Brayden Schenn wins face-off versus Cody Hodgson in neutral zone.
10:38 of 2nd period - Cody Hodgson is hit by John Klingberg and loses puck.
10:45 of 2nd period - Taylor Hall is hit by Kellan Lain and loses puck.
11:02 of 2nd period - Shea Weber is hit by Fabian Brunnstrom and loses puck.
11:35 of 2nd period - Slapshot by Pernell Karl Subban.
11:35 of 2nd period - Goal by Pernell Karl Subban - Devils : 2 - Maple Leafs : 1.
11:36 of 2nd period - Brayden Schenn wins face-off versus Ryan Johansen in neutral zone.
11:59 of 2nd period - Icing by Travis Hamonic.
12:00 of 2nd period - Jordan Staal wins face-off versus Tyler Seguin in Devils zone.
12:33 of 2nd period - Shea Weber is hit by Brayden Schenn and loses puck.
12:50 of 2nd period - Slapshot by Ryan Parent.
12:50 of 2nd period - Shot Blocked by Pernell Karl Subban.
14:02 of 2nd period - Slapshot by Ryan Johansen.
14:02 of 2nd period - Stopped by Marc-André Fleury without a rebound.
14:03 of 2nd period - Ryan Johansen wins face-off versus Brayden Schenn in Maple Leafs zone.
14:12 of 2nd period - Snap shot by Johnny Gaudreau.
14:12 of 2nd period - Shot Blocked by Braydon Coburn.
14:14 of 2nd period - Minor Penalty to Brayden Schenn for Roughing.
14:15 of 2nd period - Ryan Johansen wins face-off versus Ben Smith in Maple Leafs zone.
14:16 of 2nd period - Snap shot by Johnny Gaudreau.
14:16 of 2nd period - Stopped by Marc-André Fleury with a rebound.
14:18 of 2nd period - Snap shot by Viktor Arvidsson.
14:18 of 2nd period - Shot Misses the Net.
14:20 of 2nd period - Slapshot by Travis Hamonic.
14:20 of 2nd period - Stopped by Marc-André Fleury with a rebound.
14:22 of 2nd period - Wrist shot by Ryan Johansen.
14:22 of 2nd period - Stopped by Marc-André Fleury without a rebound.
14:23 of 2nd period - Ben Smith wins face-off versus Ryan Johansen in Maple Leafs zone.
14:48 of 2nd period - Slapshot by Mark Scheifele.
14:48 of 2nd period - Stopped by John Gibson without a rebound.
14:49 of 2nd period - Tyler Seguin wins face-off versus Mark Scheifele in Devils zone.
15:06 of 2nd period - Ben Smith is hit by Tyler Seguin.
15:38 of 2nd period - Braydon Coburn is hit by Jaden Schwartz and loses puck.
15:57 of 2nd period - Wrist shot by Nikita Kucherov.
15:57 of 2nd period - Shot Blocked by Braydon Coburn.
16:14 of 2nd period - Penalty to Brayden Schenn is over, Brayden Schenn is back on ice.
16:15 of 2nd period - Wrist shot by Nikita Kucherov.
16:15 of 2nd period - Shot Misses the Net.
16:21 of 2nd period - Nikita Kucherov is hit by Brayden Schenn and loses puck.
16:40 of 2nd period - Snap shot by Brayden Schenn.
16:40 of 2nd period - Stopped by John Gibson with a rebound.
16:54 of 2nd period - Snap shot by Jordan Staal.
16:54 of 2nd period - Shot Blocked by Shea Weber.
17:14 of 2nd period - Slapshot by Nikita Kucherov.
17:14 of 2nd period - Shot Blocked by Jordan Staal.
17:54 of 2nd period - Snap shot by Jaden Schwartz.
17:54 of 2nd period - Stopped by Marc-André Fleury without a rebound.
17:55 of 2nd period - Mark Scheifele wins face-off versus Cody Hodgson in Maple Leafs zone.
18:06 of 2nd period - Snap shot by Alex Killorn.
18:06 of 2nd period - Stopped by John Gibson with a rebound.
18:26 of 2nd period - Off-side.
18:27 of 2nd period - Tyler Bozak wins face-off versus Nate Thompson in neutral zone.
19:05 of 2nd period - Slapshot by Alex Killorn.
19:05 of 2nd period - Shot Misses the Net.
19:23 of 2nd period - Slapshot by Marc-Édouard Vlasic.
19:23 of 2nd period - Shot Blocked by Kellan Lain.
Goals for this period are 2 for Devils vs 0 for Maple Leafs.
Shots for this period are 10 for Devils vs 14 for Maple Leafs.

3rd period


0:01 of 3rd period - Viktor Arvidsson wins face-off versus Jordan Staal in neutral zone.
0:35 of 3rd period - Wrist shot by Ryan Johansen.
0:35 of 3rd period - Shot Blocked by Patrick Kane.
0:37 of 3rd period - Slapshot by Tobias Enstrom.
0:37 of 3rd period - Shot Misses the Net.
0:39 of 3rd period - Slapshot by Johnny Gaudreau.
0:39 of 3rd period - Shot Blocked by Kevin Shattenkirk.
0:41 of 3rd period - Snap shot by Nikita Kucherov.
0:41 of 3rd period - Shot Blocked by Kevin Shattenkirk.
0:53 of 3rd period - Backhand shot by Mark Scheifele.
0:53 of 3rd period - Shot Blocked by Marian Hossa.
1:40 of 3rd period - Slapshot by John Klingberg.
1:40 of 3rd period - Stopped by John Gibson with a rebound.
1:42 of 3rd period - Snap shot by Blake Comeau.
1:42 of 3rd period - Stopped by John Gibson without a rebound.
1:43 of 3rd period - Tyler Seguin wins face-off versus Brayden Schenn in Devils zone.
1:50 of 3rd period - Slapshot by Jaden Schwartz.
1:50 of 3rd period - Stopped by Marc-André Fleury with a rebound.
1:52 of 3rd period - Slapshot by Ladislav Smid.
1:52 of 3rd period - Stopped by Marc-André Fleury with a rebound.
2:10 of 3rd period - Braydon Coburn is hit by Ryan Johansen and loses puck.
2:17 of 3rd period - Snap shot by Johnny Gaudreau.
2:17 of 3rd period - Shot Misses the Net.
2:19 of 3rd period - Slapshot by Pernell Karl Subban.
2:19 of 3rd period - Shot Misses the Net.
2:47 of 3rd period - Wrist shot by Ben Smith.
2:47 of 3rd period - Shot Misses the Net.
2:57 of 3rd period - Snap shot by Mark Scheifele.
2:57 of 3rd period - Stopped by John Gibson without a rebound.
2:58 of 3rd period - Tyler Seguin wins face-off versus Jordan Staal in Devils zone.
4:45 of 3rd period - Wrist shot by Marc-Édouard Vlasic.
4:45 of 3rd period - Stopped by John Gibson without a rebound.
4:46 of 3rd period - Alex Killorn wins face-off versus Ryan Johansen in Devils zone.
4:53 of 3rd period - Slapshot by Mark Scheifele.
4:53 of 3rd period - Stopped by John Gibson without a rebound.
4:54 of 3rd period - Tyler Seguin wins face-off versus Brayden Schenn in Devils zone.
4:54 of 3rd period - Tyler Seguin is hit by Patrick Kane.
5:06 of 3rd period - Snap shot by Viktor Arvidsson.
5:06 of 3rd period - Shot Blocked by John Klingberg.
5:39 of 3rd period - Minor Penalty to Nikita Kucherov for Tripping.
5:40 of 3rd period - Ryan Johansen wins face-off versus Jordan Staal in Devils zone.
6:12 of 3rd period - Jaden Schwartz is hit by Kevin Shattenkirk and loses puck.
6:49 of 3rd period - Pernell Karl Subban is hit by Fabian Brunnstrom and loses puck.
7:39 of 3rd period - Penalty to Nikita Kucherov is over, Nikita Kucherov is back on ice.
7:50 of 3rd period - Cody Hodgson is hit by Fabian Brunnstrom and loses puck.
8:13 of 3rd period - Slapshot by Viktor Arvidsson.
8:13 of 3rd period - Shot Hit the Post.
8:21 of 3rd period - Ben Smith is hit by Johnny Gaudreau and loses puck.
8:48 of 3rd period - Marc-Édouard Vlasic is hit by Tyler Bozak and loses puck.
9:13 of 3rd period - Fabian Brunnstrom is hit by Marian Hossa and loses puck.
9:42 of 3rd period - Wrist shot by Mark Scheifele.
9:42 of 3rd period - Shot Misses the Net.
10:23 of 3rd period - Icing by Jordan Staal.
10:24 of 3rd period - Jordan Staal wins face-off versus Tyler Seguin in Maple Leafs zone.
11:21 of 3rd period - Snap shot by Viktor Arvidsson.
11:21 of 3rd period - Shot Blocked by Fabian Brunnstrom.
11:25 of 3rd period - Snap shot by Viktor Arvidsson.
11:25 of 3rd period - Stopped by Marc-André Fleury with a rebound.
11:27 of 3rd period - Snap shot by Jaden Schwartz.
11:27 of 3rd period - Shot Misses the Net.
11:29 of 3rd period - Snap shot by Viktor Arvidsson.
11:29 of 3rd period - Stopped by Marc-André Fleury with a rebound.
11:31 of 3rd period - Slapshot by Jaden Schwartz.
11:31 of 3rd period - Stopped by Marc-André Fleury without a rebound.
11:32 of 3rd period - Brayden Schenn wins face-off versus Ryan Johansen in Maple Leafs zone.
11:36 of 3rd period - Off-side.
11:37 of 3rd period - Ryan Johansen wins face-off versus Patrick Kane in neutral zone.
11:41 of 3rd period - Off-side.
11:42 of 3rd period - Ryan Johansen wins face-off versus Brayden Schenn in neutral zone.
11:59 of 3rd period - Brayden Schenn is hit by Johnny Gaudreau and loses puck.
12:06 of 3rd period - Wrist shot by Nikita Kucherov.
12:06 of 3rd period - Stopped by Marc-André Fleury with a rebound.
12:08 of 3rd period - Slapshot by Nikita Kucherov.
12:08 of 3rd period - Shot Misses the Net.
12:46 of 3rd period - Slapshot by Ryan Johansen.
12:46 of 3rd period - Deflect By Patrick Kane.
12:46 of 3rd period - Stopped by Marc-André Fleury with a rebound.
12:48 of 3rd period - Backhand shot by Johnny Gaudreau.
12:48 of 3rd period - Deflect By Ryan Johansen.
12:48 of 3rd period - Stopped by Marc-André Fleury without a rebound.
12:49 of 3rd period - Jordan Staal wins face-off versus Jaden Schwartz in Maple Leafs zone.
12:49 of 3rd period - Jordan Staal is hit by Tyler Seguin.
12:57 of 3rd period - Snap shot by Jordan Staal.
12:57 of 3rd period - Stopped by John Gibson without a rebound.
12:58 of 3rd period - Jordan Staal wins face-off versus Tyler Seguin in Devils zone.
13:15 of 3rd period - Slapshot by Fabian Brunnstrom.
13:15 of 3rd period - Deflect By Jordan Staal.
13:15 of 3rd period - Goal by Jordan Staal - Devils : 2 - Maple Leafs : 2.
13:16 of 3rd period - Brayden Schenn wins face-off versus Tyler Seguin in neutral zone.
14:10 of 3rd period - Slapshot by Mark Scheifele.
14:10 of 3rd period - Deflect By Ben Smith.
14:10 of 3rd period - Shot Misses the Net.
14:10 of 3rd period - Puck is out of play.
14:11 of 3rd period - Tyler Seguin wins face-off versus Alex Killorn in Devils zone.
14:11 of 3rd period - Tyler Seguin is hit by Mark Scheifele.
14:45 of 3rd period - Minor Penalty to Braydon Coburn for Tripping.
14:46 of 3rd period - Brayden Schenn wins face-off versus Ryan Johansen in Maple Leafs zone.
14:50 of 3rd period - Slapshot by Ryan Parent.
14:50 of 3rd period - Deflect By Viktor Arvidsson.
14:50 of 3rd period - Stopped by John Gibson without a rebound.
14:51 of 3rd period - Ryan Johansen wins face-off versus Brayden Schenn in Devils zone.
16:45 of 3rd period - Penalty to Braydon Coburn is over, Braydon Coburn is back on ice.
17:16 of 3rd period - Snap shot by Tyler Bozak.
17:16 of 3rd period - Stopped by Marc-André Fleury with a rebound.
18:12 of 3rd period - Minor Penalty to Marian Hossa for Hooking.
18:13 of 3rd period - Ryan Johansen wins face-off versus Jordan Staal in Devils zone.
18:13 of 3rd period - Ryan Johansen is hit by John Klingberg.
18:26 of 3rd period - Snap shot by Ryan Johansen.
18:26 of 3rd period - Stopped by Marc-André Fleury without a rebound.
18:27 of 3rd period - Ryan Johansen wins face-off versus Jordan Staal in Maple Leafs zone.
18:28 of 3rd period - Slapshot by Pernell Karl Subban.
18:28 of 3rd period - Stopped by Marc-André Fleury without a rebound.
18:29 of 3rd period - Ryan Johansen wins face-off versus Jordan Staal in Maple Leafs zone.
18:34 of 3rd period - Wrist shot by Rostislav Olesz.
18:34 of 3rd period - Stopped by Marc-André Fleury with a rebound.
18:36 of 3rd period - Wrist shot by Rostislav Olesz.
18:36 of 3rd period - Stopped by Marc-André Fleury with a rebound.
18:38 of 3rd period - Backhand shot by Ladislav Smid.
18:38 of 3rd period - Stopped by Marc-André Fleury with a rebound.
18:40 of 3rd period - Slapshot by Ladislav Smid.
18:40 of 3rd period - Deflect By Rostislav Olesz.
18:40 of 3rd period - Shot Hit the Post.
18:40 of 3rd period - Puck is out of play.
18:41 of 3rd period - Jordan Staal wins face-off versus Ryan Johansen in Maple Leafs zone.
Goals for this period are 0 for Devils vs 1 for Maple Leafs.
Shots for this period are 14 for Devils vs 8 for Maple Leafs.

Overtime #1


0:01 of 1st overtime period - Jordan Staal wins face-off versus Jaden Schwartz in neutral zone.
0:06 of 1st overtime period - Slapshot by Jordan Staal.
0:06 of 1st overtime period - Shot Misses the Net.
0:12 of 1st overtime period - Penalty to Marian Hossa is over, Marian Hossa is back on ice.
0:42 of 1st overtime period - Slapshot by Tobias Enstrom.
0:42 of 1st overtime period - Deflect By Cody Hodgson.
0:42 of 1st overtime period - Shot Blocked by Marc-Édouard Vlasic.
0:42 of 1st overtime period - Puck is out of play.
0:43 of 1st overtime period - Cody Hodgson wins face-off versus Brayden Schenn in Maple Leafs zone.
1:28 of 1st overtime period - Jordan Staal is hit by Jaden Schwartz and loses puck.
2:59 of 1st overtime period - Kevin Shattenkirk is hit by Johnny Gaudreau and loses puck.
3:37 of 1st overtime period - Pernell Karl Subban is hit by Fabian Brunnstrom and loses puck.
3:45 of 1st overtime period - Icing by Johnny Gaudreau.
3:46 of 1st overtime period - Jordan Staal wins face-off versus Cody Hodgson in Devils zone.
4:31 of 1st overtime period - Ryan Johansen is hit by Eric Nystrom and loses puck.
4:56 of 1st overtime period - Travis Hamonic is hit by John Klingberg and loses puck.
Goals for this period are 0 for Devils vs 0 for Maple Leafs.
Shots for this period are 0 for Devils vs 0 for Maple Leafs.

ShootOut


5:00 of 1st overtime period - Round #1.
5:00 of 1st overtime period - Devils, Johnny Gaudreau.
5:00 of 1st overtime period - Wrist shot by Johnny Gaudreau.
5:00 of 1st overtime period - Stopped by Marc-André Fleury.
5:00 of 1st overtime period - Maple Leafs, Patrick Kane.
5:00 of 1st overtime period - Snap shot by Patrick Kane.
5:00 of 1st overtime period - Stopped by John Gibson.
5:00 of 1st overtime period - Round #2.
5:00 of 1st overtime period - Devils, Nikita Kucherov.
5:00 of 1st overtime period - Snap shot by Nikita Kucherov.
5:00 of 1st overtime period - Stopped by Marc-André Fleury.
5:00 of 1st overtime period - Maple Leafs, Mark Scheifele.
5:00 of 1st overtime period - Wrist shot by Mark Scheifele.
5:00 of 1st overtime period - Stopped by John Gibson.
5:00 of 1st overtime period - Round #3.
5:00 of 1st overtime period - Devils, Viktor Arvidsson.
5:00 of 1st overtime period - Snap shot by Viktor Arvidsson.
5:00 of 1st overtime period - Goal by Viktor Arvidsson.
5:00 of 1st overtime period - Maple Leafs, Taylor Hall.
5:00 of 1st overtime period - Wrist shot by Taylor Hall.
5:00 of 1st overtime period - Shot Misses the Net.